 Dungeon Crawl Stone Soup version 0.19-a0-1697-g0595f0e (webtiles) character file.

166 st0uf the Skirmisher (level 5, -6/42 HPs)
             Began as a Demonspawn Fighter on Sept 26, 2016.
             Was an Initiate of Okawaru.
             Mangled by Duvessa
             ... wielding a +0 rapier
              (11 damage)
             ... on level 4 of the Dungeon.
             The game lasted 00:09:20 (3509 turns).

st0uf the Skirmisher (Demonspawn Fighter)           Turns: 3509, Time: 00:09:21

Health: -6/42      AC:  7    Str: 17    XL:     5   Next: 22%
Magic:  6/6        EV: 10    Int: 10    God:    Okawaru [......]
Gold:   163        SH:  0    Dex: 12    Spells: 0 memorised, 4 levels left

rFire  . . .     SeeInvis .     a - +0 war axe
rCold  . . .     Gourm    .     b - +0 scale mail
rNeg   . . .     Faith    .     (no shield)
rPois  .         Spirit   .     (no helmet)
rElec  .         Dismiss  .     (no cloak)
rCorr  .         Reflect  .     (no gloves)
MR     .....     Harm     .     (no boots)
Stlth  ..........               (no amulet)
                                (no ring)
                                (no ring)

@: no status effects
A: claws 1, demonic guardian 1, spiny 1
a: Renounce Religion


You were on level 4 of the Dungeon.
You worshipped Okawaru.
Okawaru was noncommittal.
You were not hungry.

You visited 1 branch of the dungeon, and saw 5 of its levels.

You collected 163 gold pieces.

Inventory:

Hand Weapons
 a - a +0 war axe (weapon)
Armour
 b - a +0 scale mail (worn)
Jewellery
 t - an uncursed amulet of rage {unknown}
Scrolls
 c - 4 scrolls of identify {unknown}
 e - 2 scrolls of enchant weapon {unknown}
 g - 2 scrolls of fear {unknown}
 k - a scroll of amnesia {unknown}
 l - 5 scrolls of remove curse {unknown}
 n - a scroll of magic mapping {unknown}
 p - a scroll of random uselessness {unknown}
 s - a scroll of fog {unknown}
Potions
 d - a potion of might
 i - 3 potions of heal wounds
 j - a potion of brilliance {unknown}
 o - 2 potions of cure mutation {unknown}
 q - 3 potions of curing {unknown}
 u - a potion of flight {unknown}
Comestibles
 f - 4 bread rations
 h - 3 meat rations
 m - 2 beef jerkies
 r - 3 fruits


   Skills:
 * Level 4.2 Fighting
 * Level 3.1 Axes
 + Level 3.3 Armour
 + Level 1.2 Dodging
   Level 2.6 Shields
 + Level 1.3 Invocations


You had 4 spell levels left.
You didn't know any spells.

Dungeon Overview and Level Annotations

Branches:
Dungeon (5/15)
 Temple: D:4-7

Altars:
Gozag
Nemelex Xobeh
Okawaru
Xom
The Shining One

Annotations:
D:4 Dowan, Duvessa


Innate Abilities, Weirdness & Mutations

You have sharp fingernails.
A weak demonic guardian rushes to your aid.
You are partially covered in sharp spines.


Message History

Duvessa is lightly wounded.
Duvessa hits you with a rapier.
Your iron imp barely misses Duvessa.
You hit Duvessa.
Duvessa is moderately wounded.
Duvessa zaps a wand.
The puff of flame hits you!
Your iron imp barely misses Duvessa.
Duvessa hits you with a rapier.
You slash Duvessa!
Duvessa is heavily wounded.
Your iron imp hits Duvessa but does no damage.
Duvessa is struck by your spines. Duvessa hits you but does no damage.
You hit Duvessa.
Duvessa is severely wounded.
Duvessa is struck by your spines. Duvessa hits you with a rapier.
Your iron imp hits Duvessa but does no damage.
You closely miss Duvessa.
Duvessa is severely wounded.
Duvessa hits you with a rapier!
* * * LOW HITPOINT WARNING * * *
Your iron imp barely misses Duvessa.
Duvessa hits you with a rapier!
You die...

.............# .............#
...(...%....#
##################..........#
#................#..........
#............5...#.........
+...........@e...#.....#
#................'....>#
#######'###......#.....#
#...##...##......#.....#
+........#.......#.....#
#........#.......#.....#
#####........#.......#.....#
.............#.......#.....#
.............#.......#.....#


You could see Duvessa and a friendly iron imp.

Vanquished Creatures
  An orc wizard (D:5)
  3 adders
  An ooze (D:1)
  2 worms
  2 dart slugs
  2 leopard geckos
  5 orcs
  A ball python (D:1)
  5 giant cockroaches
  12 goblins
  8 hobgoblins
  5 jackals
  A quokka (D:2)
  2 bats (D:2)
  10 frilled lizards
  8 kobolds
  9 rats
77 creatures vanquished.

Vanquished Creatures (collateral kills)
  An iguana (D:4)
1 creature vanquished.

Grand Total: 78 creatures vanquished

Notes
Turn   | Place    | Note
-------+----------+-------------------------------------------
     0 | D:1      | st0uf the Demonspawn Fighter began the quest for the Orb.
     0 | D:1      | Reached XP level 1. HP: 18/18 MP: 1/1
   308 | D:2      | Gained mutation: You have sharp fingernails. [demonic ancestry]
   308 | D:2      | Reached XP level 2. HP: 18/24 MP: 2/2
   619 | D:4      | Found an iron altar of Okawaru.
   624 | D:4      | Became a worshipper of Warmaster Okawaru
   694 | D:3      | You fall through a shaft for 2 floors!
   694 | D:5      | Entered Level 5 of the Dungeon
   729 | D:5      | Reached skill level 1 in Dodging
   729 | D:5      | Gained mutation: A weak demonic guardian rushes to your aid. [demonic ancestry]
   729 | D:5      | Reached XP level 3. HP: 28/30 MP: 3/3
   753 | D:4      | Noticed Dowan
   755 | D:4      | Noticed Duvessa
   761 | D:4      | Reached XP level 4. HP: 16/37 MP: 4/4
  1272 | D:1      | You fall through a shaft!
  2007 | D:2      | Found an opulent altar of Gozag.
  2018 | D:2      | Found a shimmering altar of Xom.
  2133 | D:2      | Found a sparkling altar of Nemelex Xobeh.
  2166 | D:2      | Reached skill level 4 in Fighting
  2524 | D:2      | Reached skill level 1 in Invocations
  2896 | D:3      | Found a glowing golden altar of the Shining One.
  2921 | D:3      | Gained mutation: You are partially covered in sharp spines. [demonic ancestry]
  2921 | D:3      | Reached XP level 5. HP: 41/42 MP: 5/5
  3509 | D:4      | Mangled by Duvessa

Vault maps used:
D:1:      kennysheep_arrival_forest, minmay_misc_feat_iff, minmay_hedge_maze
D:2:      nicolae_overflow_hidden_temple, st_stairs_4, nemelex_altar_shiori
D:3:      lemuel_coloured_pillars_altar, first_bread
D:4:      kennysheep_little_box, lemuel_doored_altar, uniq_edmund,
          uniq_menkaure, uniq_duvessa
D:5:      nrook_pool_corridor, nicolae_ru_awakened_eye, uniq_prince_ribbit1,
          uniq_eustachio

Skill      XL: |  1  2  3  4  5 |
---------------+----------------+-----
Axes           | 2 3 |  3.1
Dodging        | 1 |  1.2
Armour         | 3 |  3.3
Fighting       | 4 |  4.2
Invocations    | 1 |  1.3
Shields        | |  2.6

Action                   |  1- 3 |  4- 6 || total
-------------------------+-------+-------++-------
Melee: War axe           |    58 |   173 ||   231
  Use: Potion            |     1 |       ||     1
  Eat: Chunk             |       |     9 ||     9
Armor: Scale mail        |    29 |    65 ||    94
Dodge: Dodged            |    40 |    79 ||   119
